 Dungeon Crawl Stone Soup version 0.30.1 (webtiles) character file.

Game seed: 13021698193363135205

2784 CrimsonCam3 the Trooper (level 9, -3/79 (85) HPs)
             Began as a Naga Fighter on July 2, 2023.
             Slain by a wight
             ... wielding a +0 scimitar
              (4 damage)
             ... on level 6 of the Dungeon.
             The game lasted 00:15:45 (5474 turns).

CrimsonCam3 the Trooper (Naga Fighter)              Turns: 5474, Time: 00:15:46

HP:   -3/79 (85)    AC: 12    Str: 29    XL:     9   Next: 70%
MP:   9/9           EV:  6    Int:  9    God:
Gold: 306           SH:  6    Dex: 10    Spells: 8/8 levels left

rFire   . . .        m - +2 flail (holy)
rCold   . . .        c - +1 buckler
rNeg    . . .        p - +0 chain mail
rPois   +            (no helmet)
rElec   .            j - +2 cloak
rCorr   .            (no gloves)
SInv    +            (no barding)
Will    +....        (no amulet) Stlth
                     s - +6 ring of strength
HPRegen 0.33/turn    (no ring)
MPRegen 0.11/turn

%: no passive effects
@: on berserk cooldown, slowed, drained, very slow
A: AC +3, large, see invisible, deformed body, poison resistance, slowness 2,
spit poison 1, naga tail 1
a: Spit Poison


You were on level 6 of the Dungeon.
You visited 1 branch of the dungeon, and saw 6 of its levels.
You also visited: Ossuary.

You collected 306 gold pieces.

Inventory:

Hand Weapons
 a - a +0 war axe
 m - a +2 flail of holy wrath (weapon)
 n - the +5 falchion of Ahohuk {protect, *Rage Str+5 Dex+7}
   (You found it on level 3 of the Dungeon)

   Str:       It affects your strength (+5).
   Dex:       It affects your dexterity (+7).
   *Rage:     It berserks you when you make melee attacks (+20% chance).
Missiles
 e - 4 atropa-tipped darts
 g - 4 boomerangs
Armour
 b - a +0 scale mail
 c - a +1 buckler (worn)
 j - a +2 cloak (worn)
 k - a +2 pair of gloves
 p - a +0 chain mail (worn)
Jewellery
 s - a +6 ring of strength (left hand)
Wands
 l - a wand of flame (16)
Scrolls
 h - a scroll of brand weapon
 i - a scroll of teleportation
 o - a scroll of silence
 q - 2 scrolls of blinking
 r - 2 scrolls of magic mapping
 u - a scroll of enchant armour
 v - 2 scrolls of fog
 w - a scroll of noise
 x - a scroll of identify
Potions
 d - 5 potions of might
 f - a potion of curing
 t - a potion of invisibility


   Skills:
 + Level 6.5 Fighting
 + Level 6.4 Long Blades
 + Level 4.8 Axes
 + Level 5.8 Armour
 - Level 0.2 Dodging
 + Level 5.7 Shields


You had 8 spell levels left.
You didn't know any spells.
Your spell library contained the following spells:

 Spells                   Type           Power      Damage    Failure   Level
 Magic Dart               Conj           0%         1d3       88%         1
 Sandblast                Erth           0%         2d4       88%         1
 Cigotuvi's Dreadful Rot  Necr/Pois/Air  0%         N/A       95%         2
 Passwall                 Tmut/Erth      0%         N/A       95%         2
 Searing Ray              Conj           0%         2d4       95%         2
 Stone Arrow              Conj/Erth      0%         3d7       99%         3
 Dispel Undead            Necr           0%         3d6       100%        4
 Fulminant Prism          Conj/Hex       0%         3d5       100%        4
 Death Channel            Necr           0%         N/A       100%        6


Dungeon Overview and Level Annotations

Branches:
Dungeon (6/15)            Ossuary (visited)
 Temple: D:4-7

Altars:
Dithmenos
Nemelex Xobeh
Okawaru
Xom
Zin
The Shining One


Innate Abilities, Weirdness & Mutations

Your serpentine skin is tough. (AC +3)
You have supernaturally acute eyesight. (SInv)
Armour fits poorly on your strangely shaped body.
Your system is resistant to poisons. (rPois)
You cover ground very slowly.
You can spit poison.
You have a snake-like lower body.


Message History

The wight hits you but does no damage. The wight hits you with a +0 scimitar.
You block the wight's attack.
An ogre comes into view. It is wielding a +0 giant club.
The wight hits you with a +0 scimitar.
You feel drained. The wight closely misses you.
You hit the wight.
The wight convulses.
The wight is almost destroyed.
The wight hits you with a +0 war axe.
You feel drained. The wight barely misses you.
You hit the wight.
You destroy the wight!
You block the wight's attack. The wight hits you with a +0 scimitar.
You feel drained.
You barely miss the wight. You block the wight's attack.
The wight hits you with a +0 scimitar.
You hit the wight.
The wight convulses.
The wight is moderately damaged.
The ogre hits you with a +0 giant club!!
The wight hits you with a +0 scimitar. You block the wight's attack.
The ogre hits you but does no damage.
You completely miss the wight.
The wight is moderately damaged.
The wight barely misses you. The ogre hits you with a +0 giant club!
* * * LOW HITPOINT WARNING * * *
The wight hits you but does no damage.
You sock the ogre!
The ogre is moderately wounded.
The wight hits you with a +0 scimitar.
* * * LOW HITPOINT WARNING * * *
You block the ogre's attack. The wight barely misses you.
You thump the ogre!
The ogre is severely wounded.
The ogre hits you with a +0 giant club!
* * * LOW HITPOINT WARNING * * *
The wight hits you with a +0 scimitar.
* * * LOW HITPOINT WARNING * * *
The wight hits you with a +0 scimitar!
* * * LOW HITPOINT WARNING * * *
You feel drained.
You die...

## #....#.#####.#
#...<#....##.# .#
####.#######....#
..# ..
........#....##.#
.<##..
........#.#####.#
....# ........#.#
#.##....#.
#######...#
#.....(... #
##### #..O......
# #.@z...... #
#.)....... #
#)###.[.## # #.#
...# #.# ..# ...
... .#.## # .####
.#


You could see an ogre and a wight.

Vanquished Creatures
  Pikel (D:5)
  Grinder (D:5)
  Sigmund (D:5)
  Eustachio (D:5)
  Edmund (D:4)
  Duvessa (D:4)
  A black bear (D:5)
  An ice beast (D:5)
  A centaur (D:6)
  An ogre (D:4)
  An elf zombie (D:5)
  A scorpion (D:5)
  3 elf skeletons (D:5)
  2 wights (D:6)
  Dowan (D:4)
  5 centaur zombies (Ossuary)
  2 orc priests
  2 sleepcaps
  2 human skeletons (D:5)
  2 iguanas (D:4)
  6 orc wizards
  6 mummies (Ossuary)
  6 adders
  6 gnolls
  A white imp (D:6)
  2 worms
  3 dart slugs
  21 orcs
  6 ball pythons
  3 bats
  7 endoplasms
  7 giant cockroaches
  9 goblins
  10 hobgoblins
  2 jackals (D:3)
  5 kobolds
  5 quokkas
  5 frilled lizards
  4 hobgoblin zombies (Ossuary)
  4 rats
149 creatures vanquished.

Notes
Turn   | Place    | Note
-------+----------+-------------------------------------------
     0 | D:1      | CrimsonCam3 the Naga Fighter began the quest for the Orb.
     0 | D:1      | Reached XP level 1. HP: 21/21 MP: 1/1
   170 | D:1      | Reached XP level 2. HP: 28/28 MP: 2/2
   749 | D:2      | Reached XP level 3. HP: 28/34 MP: 3/3
  1027 | D:2      | Reached XP level 4. HP: 32/44 MP: 4/4
  1913 | D:3      | Reached XP level 5. HP: 49/50 MP: 5/5
  2191 | D:3      | Found a shimmering altar of Xom.
  2194 | D:3      | Found a shimmering altar of Xom.
  2195 | D:3      | Found a shimmering altar of Xom.
  2195 | D:3      | Found a shimmering altar of Xom.
  2197 | D:3      | Found a shimmering altar of Xom.
  2197 | D:3      | Found a shimmering altar of Xom.
  2266 | D:3      | Identified the +5 falchion of Ahohuk {protect, *Rage Str+5
                  | Dex+7}
  2316 | D:3      | Found a faded altar of an unknown god.
  2345 | D:3      | Found a sparkling altar of Nemelex Xobeh.
  2459 | D:3      | Found a shimmering altar of Xom.
  2724 | D:4      | Noticed an ogre
  2732 | D:4      | Killed an ogre
  2733 | D:4      | Reached XP level 6. HP: 39/57 MP: 6/6
  2805 | D:4      | Found a shadowy altar of Dithmenos.
  2960 | D:4      | Noticed Edmund
  2970 | D:4      | Killed Edmund
  2971 | D:4      | Reached skill level 1 in Long Blades
  3113 | D:4      | Noticed Dowan
  3114 | D:4      | Noticed Duvessa
  3123 | D:4      | Killed Duvessa
  3124 | D:4      | Reached XP level 7. HP: 66/66 MP: 7/7
  3129 | D:4      | Killed Dowan
  3820 | D:5      | Entered Level 5 of the Dungeon
  3833 | D:5      | Reached XP level 8. HP: 73/73 MP: 8/8
  3859 | D:5      | Noticed Pikel
  3876 | D:5      | Killed Pikel
  3877 | D:5      | Reached skill level 5 in Fighting
  3877 | D:5      | Reached skill level 5 in Long Blades
  3927 | D:5      | Found a sand-covered staircase.
  3938 | Ossuary  | Entered an ossuary
  4297 | D:5      | Reached XP level 9. HP: 73/81 MP: 9/9
  4405 | D:5      | Noticed Eustachio
  4411 | D:5      | Killed Eustachio
  4412 | D:5      | Reached skill level 5 in Armour
  4477 | D:5      | Found an iron altar of Okawaru.
  4483 | D:5      | Noticed Sigmund
  4490 | D:5      | Killed Sigmund
  4491 | D:5      | Reached skill level 5 in Shields
  4603 | D:5      | Noticed Grinder
  4617 | D:5      | Killed Grinder
  5144 | D:5      | Found a glowing silver altar of Zin.
  5357 | D:6      | Found a glowing golden altar of the Shining One.
  5474 | D:6      | HP: 1/81 [wight/+0 scimitar (8)]
  5474 | D:6      | Slain by a wight

Illustrated notes

Levels and vault maps discovered:
D:1:      lightli_arrival_farm, layout_basic
D:2:      layout_basic
D:3:      layout_basic, nicolae_xom_altar_mimics, mainiacjoe_overflow_chevrons,
          chequers_ecumenical_altar_twisty, grunt_ministairs_9, minmay_pentangle
D:4:      layout_basic, nicolae_dithmenos_the_darkroom, uniq_duvessa,
          uniq_edmund
D:5:      layout_cave_pools, okawaru_metal_pillars_1_2, zin_academy,
          nicolae_ossuary_entry_catacombs, uniq_sigmund, uniq_pikel,
          uniq_grinder, uniq_eustachio
D:6:      kennysheep_six_static_rooms, layout_loops_ring,
          mainiacjoe_overflow_alcove_2

Skill      XL: |  1  2  3  4  5  6  7  8  9 |
---------------+----------------------------+-----
Shields        | 3 4 5 |  5.7
Axes           | 3 4 |  4.8
Fighting       | 4 5 6 |  6.5
Armour         | 3 4 5 |  5.8
Long Blades    | 2 4 6 |  6.4
Dodging        | |  0.2

Action                     |  1- 3 |  4- 6 |  7- 9 || total
---------------------------+-------+-------+-------++-------
  Melee: War axe           |    85 |   102 |       ||   187
         Falchion          |       |    51 |   128 ||   179
         Flail             |       |       |   131 ||   131
Ability: Spit Poison       |       |     4 |     6 ||    10
  Evoke: Wand              |       |       |     1 ||     1
    Use: Scroll            |     4 |     4 |     5 ||    13
         Potion            |       |     3 |     6 ||     9
 Armour: Scale mail        |    47 |    96 |    20 ||   163
         Chain mail        |       |       |   212 ||   212
  Dodge: Dodged            |    26 |    48 |    91 ||   165
  Block: Buckler           |    22 |    49 |   105 ||   176
